 Dungeon Crawl Stone Soup version 0.29.1-1-gd02db6906a (webtiles) character file.

Game seed: 7230031592807794251

2 firemarshallily the Ducker (level 1, 0/11 HPs)
             Began as an Octopode Wanderer on Oct 20, 2022.
             Slain by a hobgoblin (2 damage)
             ... on level 1 of the Dungeon.
             The game lasted 00:00:50 (88 turns).

firemarshallily the Ducker (Octopode Wanderer)        Turns: 88, Time: 00:00:51

Health: 0/11       AC:  1    Str: 10    XL:     1   Next: 30%
Magic:  3/3        EV: 13    Int: 16    God:
Gold:   3          SH:  0    Dex: 10    Spells: 3/4 levels left

rFire   . . .      SeeInvis .   h - +0 dagger
rCold   . . .      Faith    .   (no shield)
rNeg    . . .      Spirit   .   e - +0 hat
rPois   .          Reflect  .   (no amulet)
rElec   .          Harm     .   (no ring)
rCorr   .          Rampage  .   (no ring)
Will    .....                   (no ring)
Stlth   +++.......              (no ring)
HPRegen 0.03/turn               (no ring)
MPRegen 0.08/turn               (no ring)
                                (no ring)
                                (no ring)

@: no status effects
A: almost no armour, amphibious, 8 rings, camouflage 1, gelatinous body 1,
(nimble swimmer 1), tentacles
a: no special abilities


You were on level 1 of the Dungeon.
You visited 1 branch of the dungeon, and saw 1 of its levels.

You collected 3 gold pieces.

Inventory:

Hand Weapons
 a - a +0 club
 h - a +0 dagger (weapon)
Missiles
 b - 2 throwing nets (quivered)
Armour
 e - a +0 hat (worn)
Jewellery
 g - an amulet of faith
Scrolls
 c - a scroll of vulnerability
 f - a scroll of enchant armour {unknown}
Potions
 d - a potion of attraction


   Skills:
 + Level 0.0 Fighting
 * Level 0.2 Short Blades
 + Level 3.0 Dodging
 * Level 2.7 Stealth
 + Level 2.0 Spellcasting
 - Level 2.0 Summonings
 - Level 1.0 Invocations


You had 3 spell levels left.
You knew the following spells:

 Your Spells              Type           Power      Damage    Failure   Level
a - Summon Small Mammal   Summ           32%        N/A       9%          1

Your spell library contained the following spells:

 Spells                   Type           Power      Damage    Failure   Level
 Summon Guardian Golem    Hex/Summ       4%         N/A       38%         3


Dungeon Overview and Level Annotations

Branches:
Dungeon (1/15)

Altars:


Innate Abilities, Weirdness & Mutations

You cannot wear most types of armour.
You are amphibious.
You can wear up to eight rings at the same time.
Your skin changes colour to match your surroundings (Stealth+).
Your rubbery body absorbs attacks. (AC +1, EV +1)
((You are camouflaged when in or above water. (Stealth+)))
You have tentacles for arms and can constrict up to eight enemies at once.


Message History

A ball python comes into view.
A kobold comes into view. It is wielding a +0 dagger.
A frilled lizard comes into view.
The ball python hisses angrily.
The kobold shouts!
You hear an angry hiss.
You hear a shout!
You hit the ball python. You grab the ball python. You squeeze the ball python.
You kill the ball python!
You barely miss the kobold. You grab the kobold.
You constrict the kobold, but do no damage.
A hobgoblin comes into view.
The kobold hits you but does no damage.
The hobgoblin shouts!
You hit the kobold.
The kobold is moderately wounded.
You constrict the kobold, but do no damage.
The kobold hits you with a +0 dagger.
A kobold comes into view. It is wielding a +0 club.
You hit the kobold.
You kill the kobold!
A ball python comes into view.
The frilled lizard barely misses you.
A giant cockroach comes into view.
Things that are here:
a +0 dagger; a kobold corpse; a ball python corpse
h - a +0 dagger A bat comes into view.
The frilled lizard bites you.
h - a +0 dagger (weapon)
The hobgoblin attacks as you move away! The hobgoblin hits you.
The frilled lizard bites you.
* * * LOW HITPOINT WARNING * * *
The hobgoblin attacks as you move away! The hobgoblin closely misses you.
The frilled lizard completely misses you.
The frilled lizard attacks as you move away!
The frilled lizard closely misses you. The hobgoblin attacks as you move away!
The hobgoblin closely misses you.
Found a faded altar of an unknown god.
The hobgoblin attacks as you move away! The hobgoblin misses you.
The hobgoblin attacks as you move away! The hobgoblin hits you.
You die...

#. .. . . ..♣_ .b #.#. 8.
...#.#. .. ....... .♣
....... ♣.
.......##♣.♣#####...
.......†.♣♣g@.......
##.#....K.l..######.
#####?S.### #....####
#.......####
###.####.......##
####....#..####.....##
###.......#.....###....##
##.....#####.#.....##....#


You could see a hobgoblin, a ball python, a kobold and a frilled lizard.

Vanquished Creatures
  A kobold (D:1)
  A ball python (D:1)
2 creatures vanquished.

Notes
Turn   | Place    | Note
-------+----------+-------------------------------------------
     0 | D:1      | firemarshallily the Octopode Wanderer began the quest for
                  | the Orb.
     0 | D:1      | firemarshallily set off with the following items: a +0
                  | club, 2 throwing nets, a scroll of vulnerability, a potion
                  | of attraction, a +0 hat; and the following spell memorised:
                  | Summon Small Mammal; and the following spells available to
                  | memorise: Summon Guardian Golem.
     0 | D:1      | Reached XP level 1. HP: 11/11 MP: 3/3
    86 | D:1      | Found a faded altar of an unknown god.
    88 | D:1      | Slain by a hobgoblin

Illustrated notes

Levels and vault maps discovered:
D:1:      dpeg_arrival_circle_labyrinth_a, layout_basic,
          shapermc_ecumenical_altar_totnotflames

Action                   || total
-------------------------++-------
Melee: Club              ||     4
       Constrict         ||     2
       Tentacles         ||     1
Armor: Skin              ||     1
Dodge: Dodged            ||     6
